[ PARTIDA AOE2 · #508772544 ]
UnrankedMongoles vs Civ #61
Equipo del jugador · DERR
Equipo rival · VICT
[ ANÁLISIS DE REPETICIÓN · EXTRAÍDO DE LA PARTIDA GRABADA ]
Feudal
9:37
Castillos
15:37
Imperial
31:04
| APM promedio | 39.2 |
| APM pico | 93 |
| eAPM promedio | 19.3 |
| Aldeanos / militares | 199 / 712 |
Foco
⚔️ 41.0% · 🌾 59.0%
Spearman ×413 · Camel Scout ×109 · Mangudai ×97 · Scout Cavalry ×77 · Trebuchet (Packed) ×13 · Monk ×3
Feudal
9:41
Castillos
13:11
Imperial
30:23
| APM promedio | 38.3 |
| APM pico | 87 |
| eAPM promedio | 25.1 |
| Aldeanos / militares | 143 / 349 |
Foco
⚔️ 49.9% · 🌾 50.1%
Scout Cavalry ×241 · Knight ×90 · Unknown (2703) ×72 · Unknown (2708) ×70 · Trebuchet (Packed) ×16 · Monk ×2
Mapa de la partida
Recursos iniciales + cada clic de construcción. Líneas = muros · curvas = relieve. ◆ oro · ⬟ piedra · ● bayas · ✦ reliquia · ◌ hueco del cierre
Tu base· ✓ Cerrada en 15:37 · 0t muro · 2 puerta(s)
Base de LMG_Leonardo· ✓ Cerrada en 13:11 · 0t muro · 4 puerta(s)
Terreno inicial suavizado · ◌ = hueco del cierre detectado · pasá el cursor para detalles
Inputs por minuto
— aerodots - - LMG_Leonardo
Build order — aerodots
Primeras 150 de 667 acciones detectadas
| 0:00 | Encolar | Villager (Male) |
| 0:00 | Encolar | Villager (Male) |
| 0:01 | Encolar | Villager (Male) |
| 0:02 | Construir | House |
| 0:04 | Construir | House |
| 0:24 | Encolar | Villager (Male) |
| 1:29 | Encolar | Villager (Male) |
| 1:54 | Encolar | Villager (Male) |
| 1:54 | Encolar | Villager (Male) |
| 2:19 | Construir | Lumber Camp |
| 2:37 | Encolar | Villager (Male) |
| 2:37 | Encolar | Villager (Male) |
| 3:00 | Encolar | Villager (Male) |
| 3:00 | Encolar | Villager (Male) |
| 3:16 | Encolar | Villager (Male) |
| 3:17 | Encolar | Villager (Male) |
| 3:36 | Construir | House |
| 3:37 | Construir | House |
| 3:42 | Encolar | Villager (Male) |
| 3:42 | Encolar | Villager (Male) |
| 3:42 | Encolar | Villager (Male) |
| 4:14 | Encolar | Villager (Male) |
| 4:14 | Encolar | Villager (Male) |
| 4:24 | Encolar | Villager (Male) |
| 4:56 | Construir | Mill |
| 5:03 | Encolar | Villager (Male) |
| 5:04 | Encolar | Villager (Male) |
| 5:23 | Encolar | Villager (Male) |
| 5:23 | Encolar | Villager (Male) |
| 7:01 | Construir | Mining Camp |
| 7:02 | Encolar | Villager (Male) |
| 7:03 | Investigar | Feudal Age |
| 7:56 | Encolar | Villager (Male) |
| 7:56 | Encolar | Villager (Male) |
| 7:57 | Encolar | Villager (Male) |
| 9:01 | Construir | Barracks |
| 9:05 | Encolar | Villager (Male) |
| 9:06 | Encolar | Villager (Male) |
| 9:25 | Construir | House |
| 9:26 | Construir | House |
| 9:37 | Edad | Edad Feudal |
| 9:54 | Investigar | Double-Bit Axe |
| 10:07 | Encolar | Spearman |
| 10:25 | Encolar | Villager (Male) |
| 10:25 | Encolar | Villager (Male) |
| 11:18 | Construir | Stable |
| 11:58 | Construir | Archery Range |
| 12:07 | Construir | Farm |
| 12:11 | Encolar | Villager (Male) |
| 12:35 | Construir | Farm |
| 12:40 | Construir | Farm |
| 12:43 | Construir | Farm |
| 12:52 | Investigar | Castle Age |
| 13:02 | Construir | Farm |
| 13:05 | Construir | Farm |
| 13:17 | Encolar | Scout Cavalry |
| 13:40 | Construir | Mining Camp |
| 13:45 | Construir | House |
| 13:47 | Construir | House |
| 13:48 | Construir | House |
| 14:08 | Investigar | Horse Collar |
| 15:21 | Construir | Farm |
| 15:37 | Edad | Edad de los Castillos |
| 15:42 | Encolar | Villager (Male) |
| 15:42 | Encolar | Villager (Male) |
| 15:42 | Encolar | Villager (Male) |
| 15:43 | Encolar | Villager (Male) |
| 15:49 | Construir | Town Center |
| 15:58 | Construir | Town Center |
| 16:03 | Construir | House |
| 16:04 | Construir | House |
| 16:08 | Encolar | Villager (Male) |
| 16:08 | Encolar | Villager (Male) |
| 16:08 | Encolar | Villager (Male) |
| 16:29 | Encolar | Villager (Male) |
| 16:30 | Encolar | Villager (Male) |
| 16:30 | Encolar | Villager (Male) |
| 16:41 | Construir | Farm |
| 17:09 | Encolar | Villager (Male) |
| 17:09 | Encolar | Villager (Male) |
| 17:09 | Encolar | Villager (Male) |
| 17:38 | Construir | Monastery |
| 17:48 | Encolar | Villager (Male) |
| 17:48 | Encolar | Villager (Male) |
| 17:50 | Encolar | Villager (Male) |
| 17:51 | Encolar | Villager (Male) |
| 18:01 | Encolar | Villager (Male) |
| 18:01 | Encolar | Villager (Male) |
| 18:15 | Encolar | Villager (Male) |
| 18:16 | Encolar | Villager (Male) |
| 18:16 | Encolar | Villager (Male) |
| 18:20 | Construir | Farm |
| 18:21 | Encolar | Villager (Male) |
| 18:21 | Encolar | Villager (Male) |
| 18:21 | Encolar | Villager (Male) |
| 18:24 | Construir | House |
| 18:26 | Construir | House |
| 18:27 | Encolar | Monk |
| 18:27 | Encolar | Monk |
| 18:37 | Encolar | Villager (Male) |
| 18:38 | Encolar | Villager (Male) |
| 18:56 | Construir | Farm |
| 18:58 | Construir | Farm |
| 19:00 | Construir | Farm |
| 19:03 | Construir | Farm |
| 19:05 | Encolar | Villager (Male) |
| 19:06 | Encolar | Villager (Male) |
| 19:08 | Construir | Farm |
| 19:11 | Encolar | Villager (Male) |
| 19:11 | Encolar | Villager (Male) |
| 19:18 | Construir | Farm |
| 19:20 | Construir | Farm |
| 19:27 | Encolar | Monk |
| 19:28 | Encolar | Villager (Male) |
| 19:28 | Encolar | Villager (Male) |
| 19:31 | Construir | House |
| 19:32 | Construir | House |
| 19:35 | Construir | Farm |
| 19:41 | Encolar | Villager (Male) |
| 19:41 | Encolar | Villager (Male) |
| 19:41 | Encolar | Villager (Male) |
| 19:45 | Construir | Farm |
| 19:52 | Encolar | Villager (Male) |
| 19:52 | Encolar | Villager (Male) |
| 19:55 | Construir | Farm |
| 20:02 | Encolar | Villager (Male) |
| 20:02 | Encolar | Villager (Male) |
| 20:05 | Construir | Farm |
| 20:09 | Encolar | Villager (Male) |
| 20:10 | Encolar | Villager (Male) |
| 20:24 | Encolar | Villager (Male) |
| 20:24 | Encolar | Villager (Male) |
| 20:28 | Encolar | Villager (Male) |
| 20:29 | Encolar | Villager (Male) |
| 20:32 | Construir | Farm |
| 20:35 | Construir | Farm |
| 20:36 | Encolar | Villager (Male) |
| 20:36 | Encolar | Villager (Male) |
| 20:42 | Construir | Farm |
| 20:43 | Encolar | Villager (Male) |
| 20:43 | Encolar | Villager (Male) |
| 20:46 | Construir | Farm |
| 20:51 | Construir | House |
| 20:53 | Construir | House |
| 20:54 | Encolar | Villager (Male) |
| 20:54 | Encolar | Villager (Male) |
| 21:10 | Encolar | Villager (Male) |
| 21:10 | Encolar | Villager (Male) |
| 21:10 | Encolar | Villager (Male) |
| 21:13 | Encolar | Villager (Male) |
Build order — LMG_Leonardo
Primeras 150 de 924 acciones detectadas
| 0:01 | Encolar | Villager (Male) |
| 0:01 | Encolar | Villager (Male) |
| 0:01 | Encolar | Villager (Male) |
| 0:02 | Construir | House |
| 0:04 | Construir | House |
| 0:47 | Encolar | Villager (Male) |
| 1:34 | Encolar | Villager (Male) |
| 1:55 | Encolar | Villager (Male) |
| 1:55 | Encolar | Villager (Male) |
| 2:20 | Encolar | Villager (Male) |
| 2:20 | Encolar | Villager (Male) |
| 2:32 | Construir | Lumber Camp |
| 2:38 | Encolar | Villager (Male) |
| 2:38 | Encolar | Villager (Male) |
| 2:59 | Encolar | Villager (Male) |
| 2:59 | Encolar | Villager (Male) |
| 3:13 | Encolar | Villager (Male) |
| 3:14 | Encolar | Villager (Male) |
| 3:30 | Encolar | Villager (Male) |
| 3:49 | Construir | House |
| 3:51 | Construir | House |
| 3:52 | Construir | House |
| 4:12 | Encolar | Villager (Male) |
| 4:19 | Encolar | Villager (Male) |
| 4:19 | Encolar | Villager (Male) |
| 4:54 | Encolar | Villager (Male) |
| 4:54 | Encolar | Villager (Male) |
| 4:58 | Construir | Mill |
| 5:16 | Encolar | Villager (Male) |
| 5:16 | Encolar | Villager (Male) |
| 5:16 | Encolar | Villager (Male) |
| 5:41 | Encolar | Villager (Male) |
| 5:41 | Encolar | Villager (Male) |
| 5:41 | Encolar | Villager (Male) |
| 7:03 | Encolar | Villager (Male) |
| 7:27 | Investigar | Feudal Age |
| 7:54 | Encolar | Villager (Male) |
| 8:37 | Encolar | Villager (Male) |
| 9:41 | Edad | Edad Feudal |
| 9:42 | Construir | Market |
| 9:45 | Construir | Blacksmith |
| 10:28 | Investigar | Castle Age |
| 10:28 | Investigar | Castle Age |
| 10:39 | Construir | Mining Camp |
| 10:58 | Investigar | Double-Bit Axe |
| 11:17 | Construir | Farm |
| 11:20 | Construir | Farm |
| 12:01 | Construir | Farm |
| 12:03 | Construir | Farm |
| 12:11 | Construir | Farm |
| 12:14 | Construir | Farm |
| 12:16 | Encolar | Villager (Male) |
| 12:17 | Encolar | Villager (Male) |
| 12:29 | Encolar | Villager (Male) |
| 13:11 | Edad | Edad de los Castillos |
| 13:48 | Construir | Town Center |
| 14:01 | Encolar | Villager (Male) |
| 14:07 | Construir | House |
| 14:17 | Construir | House |
| 14:20 | Construir | House |
| 14:38 | Encolar | Villager (Male) |
| 14:49 | Encolar | Villager (Male) |
| 14:50 | Encolar | Villager (Male) |
| 14:50 | Encolar | Villager (Male) |
| 14:57 | Encolar | Villager (Male) |
| 14:58 | Encolar | Villager (Male) |
| 15:18 | Construir | Monastery |
| 15:36 | Construir | Farm |
| 15:52 | Encolar | Villager (Male) |
| 15:52 | Encolar | Villager (Male) |
| 15:57 | Construir | Farm |
| 16:00 | Construir | Farm |
| 16:03 | Construir | Farm |
| 16:07 | Construir | Farm |
| 16:08 | Encolar | Villager (Male) |
| 16:09 | Encolar | Villager (Male) |
| 16:10 | Encolar | Monk |
| 16:10 | Encolar | Monk |
| 16:15 | Construir | House |
| 16:23 | Investigar | Bow Saw |
| 16:43 | Encolar | Villager (Male) |
| 16:43 | Encolar | Villager (Male) |
| 16:53 | Encolar | Villager (Male) |
| 17:28 | Encolar | Villager (Male) |
| 17:28 | Encolar | Villager (Male) |
| 17:40 | Construir | Barracks |
| 17:53 | Encolar | Villager (Male) |
| 17:53 | Encolar | Villager (Male) |
| 18:25 | Encolar | Villager (Male) |
| 18:25 | Encolar | Villager (Male) |
| 18:25 | Encolar | Villager (Male) |
| 18:32 | Construir | Town Center |
| 18:35 | Construir | Stable |
| 18:37 | Construir | Stable |
| 18:52 | Encolar | Villager (Male) |
| 18:52 | Encolar | Villager (Male) |
| 18:52 | Encolar | Villager (Male) |
| 18:59 | Construir | Farm |
| 18:59 | Construir | Farm |
| 18:59 | Construir | Farm |
| 19:00 | Construir | Farm |
| 19:00 | Construir | Farm |
| 19:01 | Construir | Farm |
| 19:01 | Construir | Farm |
| 19:14 | Encolar | Villager (Male) |
| 19:14 | Encolar | Villager (Male) |
| 19:18 | Construir | Farm |
| 19:21 | Construir | Farm |
| 19:24 | Investigar | Horse Collar |
| 19:31 | Construir | Farm |
| 19:31 | Construir | Farm |
| 19:31 | Construir | Farm |
| 19:36 | Construir | Farm |
| 19:36 | Construir | Farm |
| 19:36 | Construir | Farm |
| 19:36 | Construir | Farm |
| 19:40 | Encolar | Villager (Male) |
| 19:44 | Encolar | Villager (Male) |
| 19:44 | Encolar | Villager (Male) |
| 19:45 | Encolar | Villager (Male) |
| 19:58 | Construir | House |
| 19:59 | Construir | House |
| 20:00 | Construir | House |
| 20:02 | Encolar | Villager (Male) |
| 20:12 | Construir | Farm |
| 20:14 | Construir | Farm |
| 20:29 | Encolar | Villager (Male) |
| 20:30 | Encolar | Villager (Male) |
| 20:30 | Encolar | Villager (Male) |
| 20:31 | Encolar | Villager (Male) |
| 20:44 | Construir | Farm |
| 20:44 | Construir | Farm |
| 20:45 | Construir | Farm |
| 20:45 | Construir | Farm |
| 20:58 | Construir | Farm |
| 20:58 | Construir | Farm |
| 21:25 | Encolar | Villager (Male) |
| 21:25 | Encolar | Villager (Male) |
| 21:26 | Encolar | Villager (Male) |
| 21:28 | Construir | Farm |
| 21:31 | Investigar | Scale Barding Armor |
| 21:42 | Construir | Lumber Camp |
| 21:46 | Construir | Farm |
| 21:46 | Construir | Farm |
| 21:49 | Encolar | Villager (Male) |
| 21:49 | Encolar | Villager (Male) |
| 21:49 | Encolar | Villager (Male) |
| 22:03 | Construir | House |
| 22:13 | Encolar | Villager (Male) |
| 22:13 | Encolar | Villager (Male) |
Cronología de la partida
| 9:01 | aerodots · first_building Barracks |
| 9:37 | aerodots · age_up feudal |
| 9:41 | LMG_Leonardo · age_up feudal |
| 11:18 | aerodots · first_building Stable |
| 11:58 | aerodots · first_building Archery Range |
| 13:11 | LMG_Leonardo · age_up castle |
| 15:18 | LMG_Leonardo · first_building Monastery |
| 15:37 | aerodots · age_up castle |
| 17:38 | aerodots · first_building Monastery |
| 17:40 | LMG_Leonardo · first_building Barracks |
| 18:35 | LMG_Leonardo · first_building Stable |
| 19:43 | LMG_Leonardo · first_market_buy 100 food |
| 22:22 | aerodots · first_building Castle |
| 25:12 | LMG_Leonardo · first_building Castle |
| 30:23 | LMG_Leonardo · age_up imperial |
| 31:04 | aerodots · age_up imperial |
| 35:08 | LMG_Leonardo · first_market_sell 100 food |
| 41:46 | aerodots · first_market_sell 500 wood |
| 60:58 | aerodots · resign |
[ ANÁLISIS IA · 1 CRÉDITO ]
¿Qué pasó realmente en esta partida?
Wolo.gg analiza cada decisión: build order, eco, micro, errores típicos por bracket. Análisis personalizado por WhatsApp o Discord en 30 segundos.
Guía civ
Mongoles
Perfil
Jugador #6187438